 Seeded DCSS version 0.30-a0-373-gd37427bb62 (webtiles) character file.

Game seed: 9179525984983259192 (custom seed)

21343 purpskrrrp the Skirmisher (level 13, -15/104 HPs)
             Began as a Formicid Hunter on Nov 24, 2022.
             Was the Champion of Jiyva.
             Demolished by a skeletal warrior
             ... wielding a +0 scimitar
              (18 damage)
             ... on level 14 of the Dungeon.
             The game lasted 00:23:11 (9160 turns).

purpskrrrp the Skirmisher (Formicid Hunter)         Turns: 9160, Time: 00:23:11

Health: -15/104    AC:  7    Str: 22    XL:     13   Next: 19%
Magic:  13/13      EV: 15    Int: 16    God:    Jiyva [******]
Gold:   679        SH:  0    Dex: 26    Spells: 12/12 levels left

rFire   + + +      SeeInvis +    f - +8 longbow "Zephyr" {speed, Dex+3 SInv}
rCold   + . .      Faith    .    (no shield)
rNeg    . . .      Spirit   .    v - +1 leather armour of Watchfulness {rF+ rCorr Dex+2}
rPois   .          Reflect  .    (helmet unavailable)
rElec   .          Harm     .    (no cloak)
rCorr   +          Rampage  .    (no gloves)
Will    ++++.                    (no boots)
Stlth   ++++++....               (no amulet)
HPRegen 1.97/turn                h - +6 ring of intelligence
MPRegen 0.63/turn                g - +6 ring of strength

@: studying Stealth
A: permanent stasis, dig shafts and tunnels, antennae 3, four strong arms, cold
resistance 1, fire resistance 3, strong-willed 3, passive freeze, wild magic 2,
gelatinous body 2, jelly absorbing missiles, MP-powered wands
a: Dig, Shaft Self, Renounce Religion, Oozemancy, Slimify


You were on level 14 of the Dungeon.
You worshipped Jiyva.
Jiyva was exalted by your worship.
You visited 1 branch of the dungeon, and saw 14 of its levels.

You collected 1424 gold pieces.
You spent 745 gold pieces at shops.

Inventory:

Hand Weapons
 a - a +2 shortbow
 f - the +8 longbow "Zephyr" (weapon) {speed, Dex+3 SInv}
   (You acquired it on level 8 of the Dungeon)

   Attacks with this weapon are significantly faster.
   Dex:       It affects your dexterity (+3).
   SInv:      It lets you see invisible.
Missiles
 x - 6 throwing nets
Armour
 c - a +0 leather armour
 r - a +4 scale mail of willpower
 u - the +0 leather armour of the Crypt {Will++ rCorr}
   (You bought it in a shop on level 4 of the Dungeon)

   rCorr:     It protects you from acid and corrosion.
   Will:      It greatly increases your willpower.
 v - the +1 leather armour of Watchfulness (worn) {rF+ rCorr Dex+2}
   (You bought it in a shop on level 4 of the Dungeon)

   Dex:       It affects your dexterity (+2).
   rF:        It protects you from fire.
   rCorr:     It protects you from acid and corrosion.
Jewellery
 g - a +6 ring of strength (right hand)
 h - a +6 ring of intelligence (left hand)
 j - the ring "Wonapn" {Wiz rCorr Str+3 Dex-2}
   (You found it on level 3 of the Dungeon)

   [ring of wizardry]

   It improves your spell success rate.
   Str:       It affects your strength (+3).
   Dex:       It affects your dexterity (-2).
   rCorr:     It protects you from acid and corrosion.
 o - a ring of fire
Wands
 i - a wand of acid (5)
 t - a wand of polymorph (2)
 w - a wand of charming (11)
 A - a wand of digging (4)
Scrolls
 b - 3 scrolls of immolation
 e - 2 scrolls of noise
 y - a scroll of vulnerability
 z - 2 scrolls of fear
 D - a scroll of identify
Potions
 d - a potion of cancellation
 k - 3 potions of degeneration
 l - a potion of might
 m - 2 potions of heal wounds
 n - 3 potions of lignification
 p - a potion of invisibility
 q - 2 potions of brilliance
 s - a potion of flight {unknown}
 B - a potion of resistance
 C - 2 potions of curing


   Skills:
 + Level 10.6 Fighting
 * Level 13.9 Ranged Weapons
 + Level 10.4 Armour
 - Level 1.9 Dodging
 + Level 12.5 Stealth


You had 12 spell levels left.
You didn't know any spells.
Your spell library contained the following spells:

 Spells                   Type           Power      Damage    Failure   Level
 Ozocubu's Armour         Ice            0%         N/A       78%         3
 Metabolic Englaciation   Hex/Ice        0%         N/A       100%        5
 Simulacrum               Ice/Necr       0%         N/A       100%        6


Dungeon Overview and Level Annotations

Branches:
Dungeon (14/15)            Temple (0/1) D:7            Lair (0/5) D:9
    Orc (0/2) D:10         Vaults (0/5) D:13

Altars:
Wu Jian
Jiyva

Shops:
D:4 *[*!!   D:11 *   D:13 :

Annotations:
D:3 3 runed translucent doors, Crazy Yiuf; kiwi3s's ghost, amateur MiBe
D:9 1 transporter


Innate Abilities, Weirdness & Mutations

You cannot be hasted, slowed, berserked, paralysed or teleported.
You can dig through walls and to a lower floor.
You have a pair of large antennae on your head. (SInv)
Your four strong arms can wield two-handed weapons with a shield.
Your flesh is cold resistant. (rC+)
Your flesh is almost immune to the effects of heat. (rF+++)
You are extremely strong-willed. (Will+++)
A frigid envelope surrounds you and freezes all who hurt you.
Your spells are harder to cast, but more powerful.
Your pliable body absorbs attacks. (AC +2, EV +2)
You have a small jelly attached to you that may absorb projectiles.
You expend magic power (3 MP) to strengthen your wands.


Message History

You are too injured to fight recklessly!
You are too injured to fight recklessly!
You are too injured to fight recklessly!
You are too injured to fight recklessly!
You are too injured to fight recklessly!
You are too injured to fight recklessly!
You are too injured to fight recklessly!
You are too injured to fight recklessly!
You are too injured to fight recklessly!
You are too injured to fight recklessly!
You are too injured to fight recklessly!
You are too injured to fight recklessly!
You are too injured to fight recklessly!
You are too injured to fight recklessly!
You are too injured to fight recklessly!
You are too injured to fight recklessly!
You are too injured to fight recklessly!
You are too injured to fight recklessly!
You are too injured to fight recklessly!
You are too injured to fight recklessly!
You are too injured to fight recklessly!
You are too injured to fight recklessly!
You are too injured to fight recklessly!
You are too injured to fight recklessly!
You are too injured to fight recklessly!
Are you sure you want to shaft yourself?
The tengu warrior hits you with a +0 war axe!!
* * * LOW HITPOINT WARNING * * *
The tengu warrior is very cold.
The tengu warrior is moderately wounded.
The tengu warrior closely misses you.
The tengu warrior claws you but does no damage.
The tengu warrior is very cold.
The tengu warrior is heavily wounded.
The skeletal warrior hits you with a +0 flail!!
* * * LOW HITPOINT WARNING * * *
The skeletal warrior resists.
The skeletal warrior is very cold.
The skeletal warrior is lightly damaged.
The skeletal warrior hits you with a +0 scimitar!!
You die...

{ ....## ..... {. #...#
.##.....# #...#
..#.....# ..#...#
##.#.....# ##..#...#
##.#.....##....#zz.#
##.#.....#..##.#@Q.#
##.#.....#.# #.#...#
##.#.......# #.#...#
...#......# #.#...#
.###.#.##.####.#...####
..#..#....##..........#
...........'..........#
...........#..........#
.~....~....#..........#


You could see 2 skeletal warriors and a tengu warrior.

Vanquished Creatures
  A vault guard (D:13)
  A centaur warrior (D:13)
  A two-headed ogre (D:8)
  A skeletal warrior (D:14)
  Pikel (D:6)
  An ugly thing (D:13)
  A cyclops (D:12)
  3 manticores
  3 gargoyles
  An unseen horror (D:12)
  3 kobold demonologists
  An efreet (D:13)
  5 trolls
  Sigmund (D:4)
  A wyvern (D:10)
  A wraith (D:13)
  4 shadows
  2 water elementals (D:13)
  19 yaks
  2 steam dragons
  3 fire elementals (D:12)
  7 vampire mosquitoes
  Edmund (D:4)
  2 hell hounds (D:12)
  Duvessa (D:4)
  2 acid dragons
  A water moccasin (D:6)
  An ice beast (D:7)
  A black bear (D:7)
  A sky beast (D:7)
  2 ogres
  5 orc warriors
  A lemure (D:6)
  4 centaurs
  4 kobold brigands
  A bullfrog (D:7)
  Blork the orc (D:4)
  2 scorpions (D:5)
  A necrophage (D:5)
  Dowan (D:4)
  3 killer bees (D:9)
  2 electric eels
  A howler monkey (D:9)
  2 hounds
  2 gnoll boudas
  4 orc priests
  Jessica (D:3)
  5 iguanas
  Terence (D:3)
  17 orc wizards
  6 adders
  9 gnolls
  2 white imps (D:5)
  2 worms
  4 dart slugs
  35 orcs
  3 giant cockroaches
  4 goblins
  8 hobgoblins
  19 kobolds
  6 quokkas
  6 ball pythons
  2 bats
  3 frilled lizards
  A rat (D:2)
243 creatures vanquished.

Vanquished Creatures (collateral kills)
  Azrael (D:12)
  Harold (D:9)
  A boulder beetle (D:13)
  A centaur warrior (D:13)
  2 manticores (D:13)
  2 fire elementals (D:12)
  A hell hound (D:12)
  2 orcs (D:12)
11 creatures vanquished.

Vanquished Creatures (others)
  A boulder beetle (D:13)
  A deep elf pyromancer (D:13)
  A wraith (D:13)
  An acid dragon (D:13)
  A centaur (D:13)
  A kobold brigand (D:12)
  An electric eel (D:13)
  18 jellies
  A hound (D:6)
  2 iguanas
  2 orc wizards (D:6)
  A gnoll (D:9)
  2 adders
  A white imp (D:6)
  A dart slug (D:2)
  2 orcs (D:6)
  A ball python (D:4)
  2 endoplasms
  2 goblins
  2 hobgoblins (D:2)
  2 kobolds
  3 quokkas
  A bat (D:2)
  4 frilled lizards
  2 rats (D:2)
56 creatures vanquished.

Grand Total: 310 creatures vanquished

Notes
Turn   | Place    | Note
-------+----------+-------------------------------------------
     0 | D:1      | purpskrrrp the Formicid Hunter began the quest for the Orb.
     0 | D:1      | Reached XP level 1. HP: 16/16 MP: 1/1
   186 | D:1      | Reached XP level 2. HP: 23/23 MP: 2/2
   266 | D:1      | Found a faded altar of an unknown god.
   350 | D:1      | Prayed at the altar of an unknown god.
   350 | D:1      | Became a worshipper of Jiyva Jorucoh the Shapeless
   350 | D:1      | Reached * piety under Jiyva
   569 | D:1      | Reached XP level 3. HP: 25/28 MP: 3/3
   749 | D:2      | Reached skill level 1 in Armour
   774 | D:2      | Reached ** piety under Jiyva
   780 | D:2      | Gained mutation: Your flesh is heat resistant. (rF+)
                  | [potion of mutation]
   780 | D:2      | Gained mutation: Your body sometimes deteriorates upon
                  | taking damage. [potion of mutation]
   780 | D:2      | Gained mutation: A frigid envelope surrounds you and
                  | freezes all who hurt you. [potion of mutation]
   780 | D:2      | Gained mutation: Your flesh is cold resistant. (rC+)
                  | [potion of mutation]
   823 | D:2      | Reached XP level 4. HP: 34/34 MP: 4/4
   874 | D:2      | Identified a scroll of acquirement
   874 | D:2      | Acquired a +6 ring of strength
  1497 | D:2      | Reached XP level 5. HP: 41/41 MP: 5/5
  1558 | D:3      | Reached *** piety under Jiyva
  1567 | D:3      | Identified the ring "Wonapn" {Wiz rCorr Str+3 Dex-2}
  1598 | D:3      | Lost mutation: Your flesh is cold resistant. (rC+) [Jiyva's
                  | grace]
  1598 | D:3      | Lost mutation: Your body sometimes deteriorates upon taking
                  | damage. [Jiyva's grace]
  1598 | D:3      | Lost mutation: Your flesh is heat resistant. (rF+) [Jiyva's
                  | grace]
  1598 | D:3      | Gained mutation: You are strong-willed. (Will+) [Jiyva's
                  | grace]
  1598 | D:3      | Gained mutation: You are highly strong-willed. (Will++)
                  | [Jiyva's grace]
  1598 | D:3      | Gained mutation: You are extremely strong-willed. (Will+++)
                  | [Jiyva's grace]
  1598 | D:3      | Gained mutation: Your body has grown eyes which may confuse
                  | attackers. (Acc +3) [Jiyva's grace]
  1738 | D:3      | Noticed Jessica
  1744 | D:3      | Killed Jessica
  1745 | D:3      | Reached skill level 5 in Ranged Weapons
  1844 | D:3      | Noticed Terence
  1849 | D:3      | Killed Terence
  1930 | D:3      | Found a runed translucent door.
  1931 | D:3      | Noticed Crazy Yiuf
  2016 | D:3      | Found a large runed translucent door.
  2016 | D:3      | Found a large runed translucent door.
  2020 | D:3      | Noticed kiwi3s's ghost (amateur MiBe)
  2427 | D:4      | Found Utyedi's Distillery.
  2441 | D:4      | Found Diqebivu's General Store.
  2449 | D:4      | Bought a scroll of enchant weapon for 82 gold pieces
  2570 | D:4      | Reached **** piety under Jiyva
  2603 | D:4      | Reached XP level 6. HP: 47/47 MP: 6/6
  2687 | D:4      | Noticed Dowan
  2689 | D:4      | Noticed Duvessa
  2691 | D:4      | Killed Dowan
  2696 | D:4      | Noticed Sigmund
  2697 | D:4      | Killed Duvessa
  2702 | D:4      | Killed Sigmund
  2703 | D:4      | Reached skill level 6 in Ranged Weapons
  2703 | D:4      | Reached XP level 7. HP: 16/54 MP: 7/7
  2763 | D:4      | Found Dousmiwo's General Store.
  2771 | D:4      | Found Beunanua's Antique Armour Emporium.
  2835 | D:4      | Noticed Edmund
  2843 | D:4      | Killed Edmund
  2940 | D:4      | Found Leeg's Distillery.
  2970 | D:4      | Noticed Blork the orc
  2977 | D:4      | Killed Blork the orc
  3071 | D:5      | Entered Level 5 of the Dungeon
  3076 | D:5      | Reached skill level 5 in Stealth
  3076 | D:5      | Reached XP level 8. HP: 61/61 MP: 8/8
  3112 | D:5      | Reached skill level 7 in Ranged Weapons
  3235 | D:5      | Found an ornate altar of the Wu Jian Council.
  3258 | D:5      | Reached skill level 5 in Fighting
  3476 | D:4      | Bought a scroll of enchant weapon for 105 gold pieces
  3534 | D:6      | Noticed Pikel
  3546 | D:6      | Killed Pikel
  3547 | D:6      | Reached skill level 8 in Ranged Weapons
  3547 | D:6      | Reached skill level 5 in Armour
  3547 | D:6      | Reached XP level 9. HP: 65/69 MP: 9/9
  3547 | D:6      | Gained mutation: Your rubbery body absorbs attacks. (AC +1,
                  | EV +1) [Jiyva's grace]
  3547 | D:6      | Gained mutation: Your pliable body absorbs attacks. (AC +2,
                  | EV +2) [Jiyva's grace]
  3547 | D:6      | Gained mutation: Your gelatinous body deflects attacks. (AC
                  | +3, EV +3) [Jiyva's grace]
  3547 | D:6      | Gained mutation: Your flesh is cold resistant. (rC+)
                  | [Jiyva's grace]
  4322 | D:7      | Found a staircase to the Ecumenical Temple.
  4451 | D:7      | Reached ***** piety under Jiyva
  4472 | D:7      | Reached skill level 9 in Ranged Weapons
  4868 | D:7      | Reached XP level 10. HP: 77/77 MP: 10/10
  4966 | D:7      | Acquired 862 gold pieces
  5038 | D:4      | Bought a transparent leather armour for 189 gold pieces
  5038 | D:4      | Identified the +0 leather armour of the Crypt {Will++
                  | rCorr} (You bought it in a shop on level 4 of the Dungeon)
  5038 | D:4      | Bought a fading leather armour for 189 gold pieces
  5038 | D:4      | Identified the +1 leather armour of Watchfulness {rF+ rCorr
                  | Dex+2} (You bought it in a shop on level 4 of the Dungeon)
  5103 | D:8      | Acquired the +8 longbow "Zephyr" {speed, Dex+3 SInv}
  5103 | D:8      | Found the +8 longbow "Zephyr" {speed, Dex+3 SInv}
  5273 | D:8      | Reached skill level 10 in Ranged Weapons
  5449 | D:8      | Noticed a two-headed ogre
  5456 | D:8      | Killed a two-headed ogre
  5638 | D:9      | Gained mutation: Your flesh is heat resistant. (rF+)
                  | [Jiyva's grace]
  5638 | D:9      | Gained mutation: Your flesh is very heat resistant. (rF++)
                  | [Jiyva's grace]
  5638 | D:9      | Gained mutation: Your flesh is almost immune to the effects
                  | of heat. (rF+++) [Jiyva's grace]
  5638 | D:9      | Gained mutation: You expend magic power (3 MP) to
                  | strengthen your wands. [Jiyva's grace]
  5681 | D:9      | Noticed Harold
  5691 | D:9      | Killed Harold
  5843 | D:9      | Reached XP level 11. HP: 86/86 MP: 11/11
  5867 | D:9      | Reached skill level 11 in Ranged Weapons
  5888 | D:9      | Identified the +1 leather armour of the Cartwright {Harm
                  | +Inv}
  5910 | D:9      | Found a transporter.
  6003 | D:9      | Found a staircase to the Lair.
  6334 | D:10     | Entered Level 10 of the Dungeon
  6505 | D:10     | Reached skill level 10 in Stealth
  6672 | D:10     | Reached ****** piety under Jiyva
  6708 | D:10     | Noticed an orc knight
  6836 | D:10     | Found a staircase to the Orcish Mines.
  7354 | D:11     | Found Bypoat's Assorted Antiques.
  7362 | D:11     | Bought a potion of heal wounds for 150 gold pieces
  7362 | D:11     | Bought a scroll labelled OTOTTI MEISUADGH for 30 gold
                  | pieces
  7441 | D:11     | Reached skill level 12 in Ranged Weapons
  7728 | D:12     | Noticed a cyclops
  7733 | D:12     | Killed a cyclops
  7734 | D:12     | Reached XP level 12. HP: 95/95 MP: 12/12
  7759 | D:12     | Noticed a soul eater
  7825 | D:12     | Noticed Azrael
  7831 | D:12     | Killed Azrael
  7866 | D:12     | Lost mutation: Your flesh is almost immune to the effects
                  | of heat. (rF+++) [Jiyva's grace]
  7866 | D:12     | Lost mutation: Your body has grown eyes which may confuse
                  | attackers. (Acc +3) [Jiyva's grace]
  7866 | D:12     | Lost mutation: Your gelatinous body deflects attacks. (AC
                  | +3, EV +3) [Jiyva's grace]
  7866 | D:12     | Gained mutation: You have a small jelly attached to you
                  | that may absorb projectiles. [Jiyva's grace]
  7866 | D:12     | Gained mutation: Your flesh is almost immune to the effects
                  | of heat. (rF+++) [Jiyva's grace]
  7866 | D:12     | Gained mutation: Your spells are a little harder to cast,
                  | but a little more powerful. [Jiyva's grace]
  7866 | D:12     | Gained mutation: Your spells are harder to cast, but more
                  | powerful. [Jiyva's grace]
  8168 | D:13     | Reached skill level 13 in Ranged Weapons
  8244 | D:13     | Noticed a boulder beetle
  8256 | D:13     | Killed a boulder beetle
  8257 | D:13     | Reached skill level 10 in Fighting
  8260 | D:13     | Noticed a centaur warrior
  8267 | D:13     | Killed a centaur warrior
  8322 | D:13     | Noticed a vault guard
  8344 | D:13     | Killed a vault guard
  8439 | D:13     | Reached skill level 10 in Armour
  8502 | D:13     | Noticed a centaur warrior
  8507 | D:13     | Killed a centaur warrior
  8508 | D:13     | Reached XP level 13. HP: 58/104 MP: 13/13
  8715 | D:13     | Found a gate to the Vaults.
  8952 | D:13     | Found Zeske's Book Shop.
  9087 | D:13     | Acquired a manual of Stealth
  9160 | D:14     | HP: 3/104 [skeletal warrior/+0 flail (21)]
  9160 | D:14     | Demolished by a skeletal warrior

Illustrated notes

Levels and vault maps discovered:
D:1:      elethiomel_arrival_maze, layout_rooms,
          chequers_ecumenical_altar_island, serial_corexii_hall,
          corexii_hall_statues_s, corexii_hall_statues_i, minmay_misc_feat_roman
D:2:      minmay_razor_zed, layout_basic
D:3:      layout_loops_ring, ebering_ghost_disaster_area, uniq_terence,
          uniq_crazy_yiuf_cottage, uniq_jessica
D:4:      layout_loops_ring, serial_shops, nicolae_stop_n_shop_1,
          nicolae_shop_trees, shop, nicolae_shop_crystal, nicolae_diamond_shop,
          mrwooster_statue_mirror, uniq_blork_the_orc, uniq_duvessa,
          uniq_edmund, uniq_sigmund
D:5:      layout_rooms, nicolae_wu_jian_immortal_techniques
D:6:      layout_loops_ring, uniq_pikel
D:7:      layout_loops_ring, temple_green
D:8:      layout_basic
D:9:      layout_basic, lair_entry_dummy, statue_in_the_mist_lemuel,
          nicolae_diode_basic, uniq_harold
D:10:     layout_loops_ring, minmay_orc_entry_temple_small, kennysheep_path_1,
          onia_ninara_dug_in_and_dangerous
D:11:     layout_roguey, serial_shops, shop, due_unseen_surprise
D:12:     layout_big_octagon, uniq_azrael
D:13:     layout_basic, david_vaults_5, serial_shops, nicolae_shop_hallway_plus
D:14:     layout_basic, skrybe_limestone_x

Skill      XL: |  1  2  3  4  5  6  7  8  9 10 11 12 |
---------------+-------------------------------------+-----
Stealth        | 2 3 4 5 6 7 9 10 12 | 12.5
Armour         | 1 2 3 5 6 7 8 10 | 10.4
Fighting       | 3 4 5 6 8 9 10 | 10.6
Ranged Weapons | 5 6 8 9 10 12 13 | 13.9
Dodging        | |  1.9

Action                   |  1- 3 |  4- 6 |  7- 9 | 10-12 | 13-15 || total
-------------------------+-------+-------+-------+-------+-------++-------
 Fire: Shortbow          |    72 |    99 |   226 |       |       ||   397
       Longbow           |       |       |       |   411 |    47 ||   458
Invok: Oozemancy         |       |       |     1 |     1 |       ||     2
 Abil: Dig               |       |     3 |       |       |       ||     3
       Shaft Self        |       |       |       |       |     1 ||     1
  Use: Scroll            |     2 |     7 |     6 |     8 |     1 ||    24
       Potion            |     1 |     3 |       |     1 |       ||     5
Armor: Leather armour    |     8 |     6 |       |    19 |     4 ||    37
       Scale mail        |       |     4 |    40 |     1 |       ||    45
       Skin              |       |     6 |       |       |       ||     6
Dodge: Dodged            |    16 |    14 |    57 |    62 |    12 ||   161

Table legend: (Time is in decaauts)
 A = Elapsed time spent in this place.
 B = Non-inter-level travel time spent in this place.
 C = Inter-level travel time spent in this place.
 D = Time resting spent in this place.
 E = Time spent auto-exploring this place.
 F = Levels seen in this place.
 G = Mean time per level.
                   A        B        C        D        E       F      G
               +--------+--------+--------+--------+--------+-----+--------+
         Total |   9205 |   8734 |    471 |    139 |   7056 |  14 |  657.5 |
       Dungeon |   9205 |   8734 |    471 |    139 |   7056 |  14 |  657.5 |
               +--------+--------+--------+--------+--------+-----+--------+

Top non-repeatable levels by time:
    D:13: 933 daAuts
     D:2: 904 daAuts
     D:3: 877 daAuts
     D:6: 868 daAuts
    D:10: 797 daAuts
     D:4: 711 daAuts
     D:7: 709 daAuts
     D:1: 696 daAuts
     D:9: 695 daAuts
    D:11: 531 daAuts
     D:8: 517 daAuts
     D:5: 457 daAuts
    D:12: 442 daAuts
    D:14: 62 daAuts
